 Dungeon Crawl Stone Soup version 0.25-a0-163-g00f8f0cddd (webtiles) character file.

Game seed: 9447043832237900013, levelgen mode: deterministic

1732176 Cinder the Axe Maniac (level 27, 271/273 HPs)
             Began as a Minotaur Berserker on Nov 18, 2019.
             Was the Champion of Trog.
             Escaped with the Orb
             ... and 3 runes on Nov 22, 2019!
             The game lasted 03:38:14 (77161 turns).

Cinder the Axe Maniac (Minotaur Berserker)         Turns: 77161, Time: 03:38:15

Health: 271/273    AC: 42    Str: 25    XL:     27
Magic:  33/33      EV: 24    Int:  4    God:    Trog [******]
Gold:   7499       SH:  0    Dex: 23    Spells: 26/26 levels left

rFire    + + .     SeeInvis +   a - +9 executioner's axe (vamp)
rCold    + + .     Gourm    .   (shield currently unavailable)
rNeg     . . .     Faith    +   O - +12 gold dragon scales
rPois    +         Spirit   .   o - +1 hat of the Gate {rC+ MR+}
rElec    +         Reflect  .   p - +0 cloak of Wonder {Regen+ rCorr Int-2}
rCorr    +         Harm     .   d - +0 pair of gloves of the Pirate {-Cast rElec Dex+5 Stlth+} (curse)
MR       ++++.     NoCast   +   U - +2 pair of boots {Fly}
Stlth    ..........             D - amulet of faith
HPRegen  1.35/turn              P - ring of protection from magic
MPRegen  0.23/turn              E - ring of Cowardice {+Inv rF+ Int+2 SInv}

@: liquid flames, flying, glowing
A: retaliatory headbutt, horns 2, camouflage 1, blurry vision 1, deformed body,
dopey 1, regeneration 1
0: Orb of Zot
}: 3/15 runes: serpentine, barnacled, silver
a: Berserk, Trog's Hand, Brothers in Arms, Renounce Religion, Evoke
Invisibility, Stop Flying


You escaped.
You worshipped Trog.
Trog was exalted by your worship.
You were full.

You visited 9 branches of the dungeon, and saw 49 of its levels.
You visited 2 bazaars.
You also visited: Ossuary, Gauntlet and Ice Cave.

You collected 7863 gold pieces.
You spent 364 gold pieces at shops.

Inventory:

Hand Weapons
 a - a +9 vampiric executioner's axe (weapon)
 f - a +9 executioner's axe of freezing
Missiles
 R - 15 throwing nets (quivered)
Armour
 d - the cursed +0 pair of gloves of the Pirate (worn) {-Cast rElec Dex+5 Stlth+}
   (You bought it in a shop in a bazaar)

   It affects your dexterity (+5).
   It insulates you from electricity.
   It prevents spellcasting.
   It makes you more stealthy.
   It has a curse placed upon it.
 o - the +1 hat of the Gate (worn) {rC+ MR+}
   (You found it on level 3 of the Realm of Zot)

   It protects you from cold.
   It affects your resistance to hostile enchantments.
 p - the +0 cloak of Wonder (worn) {Regen+ rCorr Int-2}
   (You found it in a Gauntlet)

   It affects your intelligence (-2).
   It increases your rate of regeneration.
   It provides partial protection from all sources of acid and corrosion.
 O - +12 gold dragon scales (worn)
 U - a +2 pair of boots of flying (worn)
Jewellery
 m - an uncursed ring of resist corrosion
 D - an amulet of faith (around neck)
 E - the ring of Cowardice (right hand) {+Inv rF+ Int+2 SInv}
   (You found it on level 1 of the Depths)

   [ring of see invisible]

   It affects your intelligence (+2).
   It protects you from fire.
   It lets you see invisible.
   It lets you turn invisible.
 F - an uncursed ring of protection from cold
 N - an uncursed ring of positive energy
 P - a ring of protection from magic (left hand)
 X - the amulet of Faavoopt {Reflect rF++ SH+2}
   (You found it on level 3 of the Vaults)

   [amulet of reflection]

   It shields you and reflects attacks.
   It greatly protects you from fire.
   It affects your SH (+2).
Wands
 n - a wand of iceblast (12)
 q - a wand of polymorph (10)
 s - a wand of acid (26)
 G - a wand of scattershot (5)
 M - a wand of disintegration (70)
 S - a wand of paralysis (24)
Scrolls
 e - 15 scrolls of identify
 h - 32 scrolls of remove curse
 k - 23 scrolls of teleportation
 l - 10 scrolls of fog
 r - 13 scrolls of immolation
 u - 12 scrolls of blinking
 w - a scroll of silence
 z - 6 scrolls of fear
 B - 2 scrolls of magic mapping
 K - a scroll of summoning
 L - 5 scrolls of noise
Potions
 g - 5 potions of haste
 i - 6 potions of lignification
 j - 10 potions of might
 t - 2 potions of ambrosia
 v - 27 potions of curing
 x - 3 potions of mutation
 A - 4 potions of invisibility
 C - 4 potions of heal wounds
 I - 4 potions of resistance
 T - 3 potions of cancellation
 V - 6 potions of agility
Miscellaneous
 b - a phial of floods
 J - a lamp of fire
 Q - a lightning rod (4/4)
 W - 2 boxes of beasts
 Y - 3 phantom mirrors
 Z - 3 sacks of spiders
Comestibles
 c - 61 rations


   Skills:
 O Level 27 Fighting
 O Level 27 Axes
 O Level 27 Armour
 + Level 25.9 Dodging
   Level 4.0 Shields
 - Level 15.0 Evocations


You had 26 spell levels left.
You didn't know any spells.
Your spell library contained the following spells:

 Spells                   Type           Power        Failure   Level  Hunger
 Passwall                 Tmut/Erth      #.......     99%         2    ###....
 Swiftness                Chrm/Air       #.......     99%         2    ###....
 Lee's Rapid Deconstruct  Erth           #.........   100%        5    ######.
 Darkness                 Hex            #.........   100%        6    #######
 Invisibility             Hex            #.......     100%        6    #######
 Passage of Golubria      Tloc           Unusable     N/A         4    N/A

Dungeon Overview and Level Annotations

Branches:
Dungeon (15/15)            Temple (0/1) D:5            Lair (6/6) D:11
 Shoals (4/4) Lair:3        Snake (4/4) Lair:2        Slime (0/5) Lair:6
    Orc (2/2) D:9             Elf (3/3) Orc:2        Vaults (5/5) D:14
  Crypt (0/3) Vaults:2     Depths (5/5) D:15            Zot (5/5) Depths:5
Ossuary (visited)           IceCv (visited)         Gauntlet (visited)

Altars:
Ashenzari
Elyvilon
Gozag
Hepliaklqana
Kikubaaqudgha
Makhleb
Ru
Trog
Yredelemnul
Zin
The Shining One
Beogh

Shops:
D:6 (   D:11 :   D:14 *   Orc:2 }}==   Elf:1 [   Elf:2 ?   Shoals:4 [*[*
Snake:4 }   Vaults:1 :   Vaults:2 [   Depths:5 =}=

Portals:
Hell: Depths:1 Depths:2 Depths:3 Depths:4 Depths:5
Abyss: Depths:3 Depths:4
Pandemonium: Depths:3
Ziggurat: Depths:3

Annotations:
D:11 2 runed translucent doors
D:14 3 runed translucent doors, Uduj's ghost, journeyman GrEE
Elf:2 3 runed translucent doors


Innate Abilities, Weirdness & Mutations

You reflexively headbutt those who attack you in melee.
You have a pair of horns on your head.
Your skin changes colour to match your surroundings (Stealth+).
Scrolls take you a little longer to read.
Armour fits poorly on your strangely shaped body.
You are dopey. (Int -2)
Your natural rate of healing is unusually fast.


Message History

Evoke which item? (* to show all) (? for menu, Esc to quit)
Aiming: Dig
Press: ? - help, Shift-Dir - straight line A rock wall.
This square is covered in magical glow.
The rock shatters into small pieces.
The now-empty wand crumbles to dust.
A red devil, a balrug and a sun demon come into view.
The balrug is wielding a +1 demon whip of venom.
The sun demon shouts!
The red devil misses you. The balrug gestures at you.
The bolt of fire misses you.
There is a staircase leading out of the dungeon here.
The sun demon hits you but does no damage.
The red devil misses you. The balrug gestures at you.
The sticky flame hits you. You resist.
You are covered in liquid flames!
The sun demon hits you but does no damage.
You have escaped!

###..# #.#.#.#.#....# #...#
#..# #.#.#+#.###### #..##
#..####.###.....########..#
#.......##.......##.......#
#...#####.........#######.#
###.# ##...........+# #.#
#.# #.......4.....# #.# #.#
#......32.....#####.####
#.#
#......@..............>.
#.#
#.............#.....###.
#.#
#.............######....
#†# ##...........## #.##.
######)#####.........'#
#.##.
#..........##..)....###
#.##.
#.########..+#.....########
#.### #.#
######...##.##...###.###
#.# ##.###.#.###.##....


You could see a balrug, a sun demon and a red devil.

Vanquished Creatures
  A pandemonium lord (D:8)
  2 orbs of fire
  Mennas (Vaults:4)
  6 ancient liches
  Mara (Shoals:4)
  A juggernaut (Depths:2)
  Frederick (Depths:3)
  9 Killer Klowns
  Xtahua (Vaults:5)
  3 caustic shrikes (Depths:4)
  Saint Roka (Depths:1)
  Margery (Vaults:3)
  3 curse toes
  10 golden dragons
  2 electric golems (Zot:5)
  An Ice Fiend (D:5)
  7 tentacled monstrosities
  27 Orb Guardians
  A Hell Sentinel (D:8)
  7 titans
  3 liches
  2 deep elf master archers (Elf:3)
  2 deep elf blademasters (Elf:3)
  7 quicksilver dragons
  10 death cobs
  A kraken (Shoals:4)
  7 sphinxes
  13 storm dragons
  6 draconian monks
  The ghost of SnubMonkey the Black Belt, an adept OpBe of Trog (Snake:1)
  6 shadow dragons
  11 nagarajas (Snake:4)
  Ilsuiw (Shoals:3)
  5 tengu reavers
  Donald (Elf:1)
  6 fire giants
  5 draconian knights
  3 draconian scorchers
  22 vault wardens
  3 frost giants
  8 deep elf sorcerers
  3 ghost moths
  3 draconian shifters
  A draconian stormcaller (Zot:2)
  4 spriggan defenders
  5 deep elf elementalists
  26 ironheart preservers
  5 war gargoyles
  An entropy weaver (Vaults:3)
  3 draconian annihilators
  28 very ugly things
  18 stone giants
  2 vampire knights
  6 green draconians
  8 deep elf demonologists (Elf:3)
  10 red draconians
  9 black draconians
  6 purple draconians
  7 white draconians
  7 deep elf annihilators
  10 yellow draconians
  17 ettins
  5 spark wasps
  3 crystal guardians (Depths:4)
  6 merfolk javelineers
  2 eidola (Depths:3)
  8 deep elf death magi
  15 merfolk impalers
  15 ogre magi
  7 deep elf high priests
  4 rakshasas
  10 fire dragons
  6 great orbs of eyes
  Harold (D:10)
  26 yaktaur captains
  4 hydras
  37 vault guards
  3 spriggan air magi (Depths:5)
  16 ice dragons
  23 naga warriors
  5 merfolk avatars
  An alligator snapping turtle (Shoals:4)
  10 centaur warriors
  12 anacondas
  A two-headed ogre (shapeshifter) (Vaults:2)
  4 death knights
  6 death yaks (Lair:4)
  4 satyrs
  11 merfolk aquamancers
  14 deep troll shamans
  A queen ant (Gauntlet)
  7 tengu warriors
  Erica (D:9)
  48 two-headed ogres
  5 dancing weapons
  16 deep troll earth magi
  12 naga sharpshooters
  A shock serpent (shapeshifter) (D:15)
  5 shock serpents
  13 deep elf knights
  3 spriggan berserkers
  2 soul eaters (Depths:3)
  Nergalle (Lair:4)
  Sonja (Lair:4)
  2 iron trolls (Depths:3)
  12 skeletal warriors
  3 salamander mystics
  A sixfirhy (D:8)
  2 shadow wraiths
  A golden dragon zombie (Vaults:5)
  50 deep trolls
  10 hell knights
  An unseen horror (shapeshifter) (Vaults:4)
  13 unseen horrors
  7 glowing orange brains
  7 wizards
  7 sea snakes
  7 flayed ghosts
  20 deep elf archers
  2 glowing orange brains (shapeshifter)
  21 ironbrand convokers
  15 naga ritualists
  5 phantasmal warriors
  2 orange crystal statues (Depths:3)
  18 harpies
  10 orc knights
  A wolf spider zombie (D:15)
  59 ugly things
  56 deep elf magi
  5 necromancers
  7 oklob plants
  A shadow dragon skeleton (Vaults:5)
  A sphinx zombie (Vaults:5)
  A tengu skeleton (Vaults:2)
  2 human zombies (Vaults:5)
  10 salamanders
  10 orc sorcerers
  3 wolf spiders
  11 cyclopes
  A salamander (shapeshifter) (Depths:3)
  14 manticores
  24 mana vipers
  A sphinx skeleton (Vaults:2)
  11 elephants
  19 fauns
  11 merfolk sirens
  30 moths of wrath
  3 ice statues
  2 centaur zombies (D:15)
  5 guardian serpents (Snake:4)
  2 gargoyles
  43 black mambas
  2 guardian serpents (shapeshifter)
  20 vault sentinels
  A black mamba (shapeshifter) (Vaults:5)
  7 water nymphs
  19 naga magi
  18 spiny frogs
  A smoke demon (Depths:3)
  A torpor snail (shapeshifter) (Depths:4)
  A komodo dragon (shapeshifter) (Depths:2)
  A kobold demonologist (D:13)
  3 rime drakes
  18 freezing wraiths
  7 komodo dragons
  2 hellwings (Depths:3)
  3 tengu conjurers
  64 yaktaurs
  3 spectral merfolk (Depths:3)
  2 yaktaur skeletons (Vaults:2)
  3 efreet
  4 anaconda simulacra (Depths:3)
  10 ice devils
  7 trolls
  3 polar bears
  A jumping spider (shapeshifter) (Elf:1)
  A red devil (D:8)
  A jumping spider (Vaults:3)
  8 wind drakes
  32 merfolk
  A polar bear (shapeshifter) (Vaults:4)
  4 hornets
  Grinder (D:5)
  18 slime creatures
  12 hippogriffs
  2 raiju (shapeshifter)
  4 tyrant leeches (Lair:6)
  3 raiju (Depths:3)
  16 dream sheep
  10 snapping turtles
  23 blink frogs
  A slime creature (shapeshifter) (Depths:1)
  Sigmund (D:3)
  An air elemental (Elf:1)
  20 water elementals
  A wyvern (Lair:4)
  2 ettin skeletons (Vaults:2)
  2 vampires
  5 shadows
  16 wraiths
  A spriggan (shapeshifter) (D:14)
  2 centaur simulacra (Gauntlet)
  2 spriggans
  4 basilisks
  3 fire elementals
  Eustachio (D:5)
  30 yaks
  A human (shapeshifter) (Depths:4)
  A fire bat (shapeshifter) (Vaults:2)
  A hungry ghost (D:9)
  A basilisk (shapeshifter) (Elf:2)
  A chaos spawn (Depths:4)
  13 vampire mosquitoes
  Menkaure (D:5)
  A swamp worm (shapeshifter) (Depths:4)
  10 wargs
  A naga (shapeshifter) (D:14)
  66 nagas
  A water moccasin (shapeshifter) (Vaults:5)
  11 hell hounds
  6 soldier ants
  6 acid dragons
  11 water moccasins
  2 floating eyes
  4 large abominations (Depths:4)
  7 porcupines
  2 spectral spriggans (Depths:3)
  A spectral troll (Depths:3)
  2 elf zombies (Vaults:5)
  6 ice beasts
  29 orc warriors
  3 snapping turtle zombies (Depths:3)
  6 sky beasts
  2 black bears
  A sky beast (shapeshifter) (Vaults:3)
  A phantom (D:11)
  32 ogres
  5 wolves
  A boggart (Vaults:1)
  A necrophage (D:8)
  19 centaurs
  7 crocodiles
  A big kobold (D:10)
  A gnoll sergeant (D:10)
  Blork the orc (D:5)
  22 bullfrogs
  7 human skeletons (Vaults:2)
  4 small abominations (Depths:4)
  An earth elemental (Elf:1)
  4 water moccasin zombies (Ossuary)
  A spiny frog simulacrum (Gauntlet)
  A scorpion (shapeshifter) (Elf:2)
  6 scorpions
  2 spectral nagas (Depths:3)
  15 killer bees
  2 spectral ogres (Depths:3)
  18 wights
  2 howler monkeys
  2 electric eels
  2 spectral centaurs (Depths:3)
  13 crimson imps
  2 bullfrog zombies
  7 hounds
  15 jellies
  2 quasits
  A yaktaur simulacrum (Vaults:1)
  8 centaur skeletons
  17 orc priests
  3 bullfrog skeletons
  An iguana (D:11)
  Jessica (D:2)
  44 orc wizards
  5 hell rats (Lair:4)
  11 worker ants
  4 big kobold zombies (Ossuary)
  2 bullfrog simulacra (Gauntlet)
  A hound skeleton (D:6)
  2 mummies (Ossuary)
  10 gnolls
  12 adders
  A shadow imp (D:5)
  9 white imps (IceCv)
  6 ufetubi (IceCv)
  11 oozes
  2 adder skeletons (D:4)
  3 adder zombies
  3 worms (D:2)
  A dart slug (D:1)
  7 leopard geckos
  122 orcs
  10 bats
  3 giant cockroaches
  2 gnoll zombies (Ossuary)
  10 goblins
  7 hobgoblins
  18 jackals
  3 quokkas
  2 ball pythons
  6 frilled lizards
  4 hobgoblin zombies (Ossuary)
  A jackal skeleton (D:4)
  A jackal zombie (D:4)
  13 kobolds
  6 kobold zombies
  A leopard gecko skeleton (D:8)
  A leopard gecko zombie (D:7)
  5 orc zombies (Ossuary)
  8 rats
  2 fungi (Lair:6)
  27 plants
2552 creatures vanquished.

Vanquished Creatures (collateral kills)
  The ghost of Ruit the Minotaur Barricade, a veteran MiFi of Nemelex Xobeh (Vaults:3)
  Nikola (Vaults:3)
  A Tzitzimitl (D:8)
  The ghost of Viusuagh the Fencer, an adept MiSk of Cheibriados (Vaults:2)
  Frances (D:13)
  An Executioner (D:8)
  A tengu reaver (Vaults:1)
  A nagaraja (Snake:4)
  A minotaur (Gauntlet)
  Snorg (Lair:4)
  3 eidola (Vaults:3)
  4 naga warriors
  A centaur warrior (Vaults:1)
  An anaconda (Snake:4)
  A death knight (Vaults:1)
  3 two-headed ogres
  A deep troll earth mage (Vaults:1)
  Urug (Lair:4)
  A phantasmal warrior (Vaults:3)
  An orc knight (Vaults:3)
  3 ugly things (Vaults:1)
  A salamander (Snake:3)
  A cyclops (Vaults:1)
  A guardian serpent (Snake:3)
  A rust devil (D:8)
  A black mamba (Snake:3)
  4 naga magi
  A freezing wraith (Vaults:3)
  A yaktaur (Vaults:1)
  Prince Ribbit (D:5)
  A shadow (Vaults:3)
  5 nagas
  Edmund (D:5)
  An orc warrior (Vaults:3)
  A bullfrog (D:8)
  2 killer bees (D:8)
  2 electric eels (D:8)
  2 orc wizards (Orc:2)
  2 gnolls (D:5)
  A shadow imp (D:8)
  A leopard gecko (D:8)
  8 orcs
69 creatures vanquished.

Vanquished Creatures (others)
  A death cob (Zot:5)
  2 draconian knights (Depths:5)
  A reaper (IceCv)
  A red draconian (Zot:5)
  2 water elementals (Depths:1)
  2 orc wizards (Orc:2)
  A white imp (IceCv)
  2 ufetubi (IceCv)
  2 orcs
  14 fungi
  57 plants
  4 tentacles (Shoals:4)
  A withered plant (Vaults:2)
90 creatures vanquished.

Grand Total: 2711 creatures vanquished

Notes
Turn   | Place    | Note
-------+----------+-------------------------------------------
     0 | D:1      | Cinder the Minotaur Berserker began the quest for the Orb.
     0 | D:1      | Reached XP level 1. HP: 19/19 MP: 0/0
   212 | D:1      | Reached XP level 2. HP: 22/27 MP: 1/1
   584 | D:1      | Reached XP level 3. HP: 29/33 MP: 2/2
   973 | D:2      | Reached ** piety under Trog
  1032 | D:2      | Found a bloodstained altar of Trog.
  1471 | D:2      | Reached XP level 4. HP: 41/41 MP: 3/3
  1477 | D:2      | Reached skill level 5 in Axes
  1536 | D:2      | You fall into a shaft and drop 1 floor!
  1637 | D:2      | Noticed Jessica
  1643 | D:2      | Killed Jessica
  1962 | D:3      | Noticed Sigmund
  1975 | D:3      | Killed Sigmund
  1975 | D:3      | Reached skill level 5 in Fighting
  1975 | D:3      | Reached XP level 5. HP: 48/48 MP: 4/4
  1975 | D:3      | Reached XP level 6. HP: 56/56 MP: 5/5
  2215 | D:3      | Reached *** piety under Trog
  2300 | D:3      | Found an ancient bone altar of Kikubaaqudgha.
  2300 | D:3      | Found an opulent altar of Gozag.
  2514 | D:4      | Found a burning altar of Makhleb.
  2598 | D:4      | Reached skill level 5 in Armour
  2598 | D:4      | Reached XP level 7. HP: 25/62 MP: 6/6
  2706 | D:4      | Found a bloodstained altar of Trog.
  2707 | D:4      | Found a white marble altar of Elyvilon.
  2849 | D:4      | Found a sand-covered staircase.
  2866 | Ossuary  | Entered an ossuary
  3074 | Ossuary  | Reached **** piety under Trog
  3237 | Ossuary  | Reached XP level 8. HP: 69/71 MP: 7/7
  3957 | D:4      | Found a sacrificial altar of Ru.
  3959 | D:4      | Found a hazy altar of Hepliaklqana.
  4056 | D:5      | Entered Level 5 of the Dungeon
  4118 | D:5      | Reached ***** piety under Trog
  4159 | D:5      | Noticed Blork the orc
  4167 | D:5      | Killed Blork the orc
  4596 | D:5      | Noticed Eustachio
  4610 | D:5      | Killed Eustachio
  4616 | D:5      | Received a gift from Trog
  4616 | D:5      | Reached skill level 10 in Axes
  4870 | D:5      | Noticed Edmund
  4884 | D:5      | Killed Edmund
  4902 | D:5      | Noticed Prince Ribbit
  4906 | D:5      | Killed Prince Ribbit
  4955 | D:5      | Noticed Menkaure
  4961 | D:5      | Killed Menkaure
  5021 | D:5      | Reached XP level 9. HP: 79/81 MP: 8/8
  5197 | D:5      | Noticed Grinder
  5200 | D:5      | Paralysed by Grinder for 5 turns
  5212 | D:5      | Paralysed by Grinder for 6 turns
  5226 | D:5      | Killed Grinder
  5341 | D:5      | Found a staircase to the Ecumenical Temple.
  5631 | D:6      | Found Nouciang's Weapon Shoppe.
  7080 | D:7      | Reached XP level 10. HP: 86/91 MP: 9/9
  7413 | D:7      | Found a glowing silver altar of Zin.
  7413 | D:7      | Found a basalt altar of Yredelemnul.
  8070 | D:8      | Noticed a two-headed ogre
  8089 | D:8      | Killed a two-headed ogre
  8100 | D:8      | Reached skill level 10 in Fighting
  8499 | D:8      | Noticed a two-headed ogre
  8522 | D:8      | Killed a two-headed ogre
  8522 | D:8      | Reached skill level 10 in Armour
  9490 | D:9      | Noticed Erica
  9497 | D:9      | Killed Erica
  9624 | D:9      | Reached XP level 11. HP: 101/101 MP: 10/10
 10021 | D:9      | Found a staircase to the Orcish Mines.
 10995 | D:10     | Entered Level 10 of the Dungeon
 11327 | D:10     | Received a gift from Trog
 11374 | D:10     | Killed an unseen horror
 11683 | D:10     | Identified the +1 ring mail "Quoneud" {rPois rC+ Dex-3}
                  | (You found it on level 10 of the Dungeon)
 11869 | D:11     | Noticed Harold
 11963 | D:10     | Killed Harold
 11963 | D:10     | Reached skill level 15 in Axes
 12228 | D:11     | Found a large runed translucent door.
 12229 | D:11     | Found a large runed translucent door.
 12456 | D:11     | Found Lonic's Book Emporium.
 12661 | D:11     | Reached skill level 5 in Dodging
 12668 | D:11     | Found a staircase to the Lair.
 12983 | D:11     | Killed an unseen horror
 13035 | D:11     | Found a large runed translucent door.
 13035 | D:11     | Found a large runed translucent door.
 13070 | D:11     | Noticed a two-headed ogre
 13075 | D:11     | Killed a two-headed ogre
 13221 | D:11     | Received a gift from Trog
 13260 | D:11     | Identified the +8 triple crossbow "Pipn" {venom, +Blink
                  | Str-5 Dex-4 Stlth+} (Trog gifted it to you on level 11 of
                  | the Dungeon)
 13634 | Lair:1   | Entered Level 1 of the Lair of Beasts
 13643 | Lair:1   | Reached XP level 12. HP: 95/112 MP: 11/11
 14639 | Lair:2   | Found a staircase to the Snake Pit.
 14956 | Lair:2   | Reached skill level 1 in Shields
 15913 | Lair:3   | Noticed a six-headed hydra
 15940 | Lair:3   | Killed a one-headed hydra
 16090 | Lair:3   | Found a staircase to the Shoals.
 17089 | Lair:4   | Reached XP level 13. HP: 114/122 MP: 12/12
 17134 | Lair:4   | Noticed Urug
 17135 | Lair:4   | Noticed Snorg
 17143 | Lair:4   | Killed Urug
 17146 | Lair:4   | Killed Snorg
 17241 | Lair:4   | Received a gift from Trog
 17283 | Lair:4   | Noticed Nergalle
 17292 | Lair:4   | Killed Nergalle
 17418 | Lair:4   | Noticed Sonja
 17426 | Lair:4   | Killed Sonja
 18779 | Lair:6   | Entered Level 6 of the Lair of Beasts
 19403 | Lair:6   | Paralysed by a floating eye for 2 turns
 19484 | Lair:6   | Reached skill level 10 in Dodging
 19616 | Lair:6   | Reached XP level 14. HP: 59/133 MP: 13/13
 19986 | Lair:6   | Found the +7 captain's cutlass {speed, disarm}
 20061 | Lair:6   | Found a staircase to the Slime Pits.
 20195 | Lair:6   | Reached ****** piety under Trog
 20299 | Lair:6   | Found the +2 robe of Vines {NoPotionHeal Regen+7}
 21335 | D:12     | Reached skill level 15 in Fighting
 22102 | D:13     | Received a gift from Trog
 22503 | D:13     | Noticed Frances
 22517 | D:13     | Killed Frances
 22899 | D:14     | Found a runed translucent gate.
 22899 | D:14     | Found a runed translucent gate.
 22899 | D:14     | Found a runed translucent gate.
 22900 | D:14     | Found an opulent altar of Gozag.
 22901 | D:14     | Found Rybat's Assorted Antiques.
 22901 | D:14     | Noticed a frost giant
 22901 | D:14     | Noticed a frost giant
 22901 | D:14     | Noticed Uduj's ghost (journeyman GrEE)
 22937 | D:14     | Found a frozen archway.
 22952 | IceCv    | Entered an ice cave
 23099 | IceCv    | Killed a reaper
 23206 | IceCv    | Identified the +2 hat of an ice cave {rPois rF+ rC- SInv}
                  | (You found it in an ice cave)
 23573 | D:14     | Received a gift from Trog
 23574 | D:14     | Found a gate to the Vaults.
 24012 | D:14     | Reached XP level 15. HP: 144/144 MP: 14/14
 24065 | D:15     | Entered Level 15 of the Dungeon
 24138 | D:15     | Found a gate leading to a gauntlet.
 24144 | Gauntlet | Entered a Gauntlet
 24144 | Gauntlet | Found a transporter.
 24144 | Gauntlet | Found a transporter.
 24144 | Gauntlet | Found a transporter.
 24168 | Gauntlet | Found a transporter.
 24168 | Gauntlet | Found a transporter.
 24168 | Gauntlet | Found a transporter.
 24178 | Gauntlet | Found a transporter.
 24182 | Gauntlet | Found a transporter.
 24203 | Gauntlet | Found a transporter.
 24294 | Gauntlet | Found a transporter.
 24298 | Gauntlet | Found a transporter.
 24308 | Gauntlet | Found a transporter.
 24586 | Gauntlet | Identified the +0 cloak of Wonder {Regen+ rCorr Int-2} (You
                  | found it in a Gauntlet)
 24814 | D:15     | Found a staircase to the Depths.
 25136 | D:15     | Found a shattered altar of Ashenzari.
 25353 | D:15     | Received a gift from Trog
 26388 | Orc:1    | Entered Level 1 of the Orcish Mines
 26467 | Orc:1    | Received a gift from Trog
 26468 | Orc:1    | Found a burning altar of Makhleb.
 26937 | Orc:2    | Entered Level 2 of the Orcish Mines
 27157 | Orc:2    | Found a roughly hewn altar of Beogh.
 27180 | Orc:2    | Found Otyojes's Jewellery Shoppe.
 27208 | Orc:2    | Found Vichan's Jewellery Boutique.
 27217 | Orc:2    | Received a gift from Trog
 27342 | Orc:2    | Found a staircase to the Elven Halls.
 27489 | Orc:2    | Found Rarakk's Gadget Shoppe.
 27489 | Orc:2    | Found Difusid's Gadget Boutique.
 27863 | Snake:1  | Entered Level 1 of the Snake Pit
 27933 | Snake:1  | Found a runed translucent door.
 27933 | Snake:1  | Noticed SnubMonkey's ghost (adept OpBe)
 27971 | Snake:1  | You fall into a shaft and drop 1 floor!
 28225 | Snake:2  | Reached skill level 15 in Armour
 28638 | Snake:2  | Reached XP level 16. HP: 157/157 MP: 15/15
 28882 | Snake:2  | Received a gift from Trog
 29028 | Snake:2  | Identified a scroll of acquirement
 30976 | Snake:1  | Killed SnubMonkey's ghost
 31139 | Snake:3  | Received a gift from Trog
 32087 | Snake:4  | Entered Level 4 of the Snake Pit
 32230 | Snake:4  | Found Aluid's Gadget Shop.
 32248 | Snake:4  | Received a gift from Trog
 32276 | Snake:4  | Identified the +5 executioner's axe "Muxeudd" {chop, rElec
                  | rC- Int+6} (Trog gifted it to you on level 4 of the Snake
                  | Pit)
 32466 | Snake:4  | Upgraded the game from 0.25-a0-108-gda8bd6cf83 to
                  | 0.25-a0-110-ge29c8f2358
 32974 | Snake:4  | Reached XP level 17. HP: 163/170 MP: 16/16
 34324 | Snake:4  | Received a gift from Trog
 35521 | Snake:4  | Received a gift from Trog
 36542 | Snake:4  | Got a serpentine rune of Zot
 36845 | Elf:1    | Entered Level 1 of the Elven Halls
 36875 | Elf:1    | Reached XP level 18. HP: 144/178 MP: 17/17
 36896 | Elf:1    | Noticed Donald
 36900 | Elf:1    | Received a gift from Trog
 36912 | Elf:1    | Killed Donald
 36946 | Elf:1    | Identified the +8 battleaxe "Pabapn" {chop, *Contam rElec
                  | rC+ Dex+3} (Trog gifted it to you on level 1 of the Elven
                  | Halls)
 37983 | Elf:1    | Found Vufexeh's Armour Shoppe.
 38003 | Elf:1    | Received a gift from Trog
 38510 | Elf:2    | Found a runed translucent gate.
 38510 | Elf:2    | Found a runed translucent gate.
 38553 | Elf:2    | Reached skill level 15 in Dodging
 38648 | Elf:2    | Found a runed translucent gate.
 39274 | Elf:2    | Found Adghehim's Magic Scroll Boutique.
 39422 | Elf:3    | Entered Level 3 of the Elven Halls
 39774 | Elf:3    | Received a gift from Trog
 40605 | Elf:3    | Identified the +11 short sword "Tormentor" {drain, *Contam
                  | +Blink +Fly MR++ Str-4}
 40605 | Elf:3    | Identified the cursed -5 shield of the Hanged Man {Int+2}
 40906 | Elf:3    | Identified the +7 falchion of the Saviour {flame, Stlth+}
 41277 | Elf:3    | Noticed a Tzitzimitl
 41315 | Elf:3    | Reached XP level 19. HP: 140/185 MP: 18/18
 41578 | Elf:3    | Received a gift from Trog
 42235 | Vaults:1 | Entered Level 1 of the Vaults
 42235 | Vaults:1 | Found Viusmom's Book Boutique.
 44344 | Vaults:1 | Received a gift from Trog
 44759 | Vaults:1 | Received a gift from Trog
 45017 | Vaults:1 | Reached XP level 20. HP: 191/193 MP: 19/19
 45825 | Vaults:1 | Received a gift from Trog
 46502 | Vaults:2 | Found a staircase to the Crypt.
 46640 | Vaults:2 | Found Zuclaf's Armour Shoppe.
 47080 | Vaults:2 | Received a gift from Trog
 47573 | Vaults:2 | Found a runed translucent door.
 47573 | Vaults:2 | Noticed Viusuagh's ghost (adept MiSk)
 47628 | Vaults:2 | Killed Viusuagh's ghost
 49461 | Vaults:3 | Noticed Margery
 49469 | Vaults:3 | Received a gift from Trog
 49476 | Vaults:3 | Identified the +2 arbalest of Xiqitas {venom, +Fly Int+6
                  | Dex-3}
 49477 | Vaults:3 | Killed Margery
 49486 | Vaults:3 | Reached XP level 21. HP: 107/201 MP: 20/20
 49772 | Vaults:3 | Noticed Nikola
 49792 | Vaults:3 | Killed Nikola
 50244 | Vaults:3 | Found a runed translucent gate.
 50244 | Vaults:3 | Found a runed translucent gate.
 50244 | Vaults:3 | Found a runed translucent gate.
 50245 | Vaults:3 | Noticed Ruit's ghost (veteran MiFi)
 50303 | Vaults:3 | Received a gift from Trog
 51154 | Vaults:3 | Reached skill level 1 in Evocations
 51946 | Vaults:3 | Killed Ruit's ghost
 51952 | Vaults:3 | Identified the amulet of Faavoopt {Reflect rF++ SH+2} (You
                  | found it on level 3 of the Vaults)
 52324 | Vaults:4 | Received a gift from Trog
 53196 | Vaults:4 | Reached skill level 5 in Evocations
 53416 | Vaults:4 | Received a gift from Trog
 54188 | Vaults:4 | Received a gift from Trog
 54447 | Vaults:4 | Reached XP level 22. HP: 209/209 MP: 26/26
 54992 | Depths:1 | Entered Level 1 of the Depths
 55191 | Depths:1 | Identified the +1 shield "Oschugh" {rN+ Str+4 Stlth+} (You
                  | found it on level 1 of the Depths)
 55480 | Depths:1 | Received a gift from Trog
 56173 | Depths:1 | Found a gateway to Hell.
 56267 | Depths:1 | Noticed Saint Roka
 56275 | Depths:1 | Killed Saint Roka
 56366 | Depths:1 | Identified the ring of Cowardice {+Inv rF+ Int+2 SInv} (You
                  | found it on level 1 of the Depths)
 56722 | Depths:2 | Reached skill level 10 in Evocations
 56726 | Depths:2 | Reached skill level 27 in Axes
 56779 | Depths:2 | Upgraded the game from 0.25-a0-110-ge29c8f2358 to
                  | 0.25-a0-160-gd1d2e81aba
 56815 | Depths:2 | Found a gateway to a bazaar.
 56849 | Bazaar   | Entered a bazaar
 56851 | Bazaar   | Found Hijes's Magic Scroll Boutique.
 56857 | Bazaar   | Found Vofel's Jewellery Boutique.
 56857 | Bazaar   | Found Wakhlagh's Antique Weapon Boutique.
 56858 | Bazaar   | Found Agguek's Antique Armour Boutique.
 56888 | Bazaar   | Bought a pair of jewelled gloves for 228 gold pieces
 56904 | Bazaar   | Bought a scroll of identify for 24 gold pieces
 56904 | Bazaar   | Identified the cursed +0 pair of gloves of the Pirate
                  | {-Cast rElec Dex+5 Stlth+} (You bought it in a shop in a
                  | bazaar)
 56962 | Depths:2 | Received a gift from Trog
 57564 | Depths:2 | Noticed a juggernaut
 57577 | Depths:2 | Killed a juggernaut
 57701 | Depths:3 | Received a gift from Trog
 57997 | Depths:4 | Reached XP level 23. HP: 221/221 MP: 29/29
 58070 | Depths:4 | Received a gift from Trog
 58380 | Depths:4 | Noticed a caustic shrike
 58382 | Depths:4 | Noticed a caustic shrike
 58385 | Depths:4 | Noticed a caustic shrike
 58389 | Depths:4 | Killed a caustic shrike
 58398 | Depths:4 | Killed a caustic shrike
 58404 | Depths:4 | Killed a caustic shrike
 58404 | Depths:4 | Received a gift from Trog
 59007 | Depths:4 | Found a one-way gate to the infinite horrors of the Abyss.
 59143 | Depths:3 | Noticed an ancient lich
 59149 | Depths:3 | Killed an ancient lich
 59261 | Depths:3 | Received a gift from Trog
 59357 | Depths:3 | Noticed Frederick
 59380 | Depths:3 | Killed Frederick
 59447 | Depths:3 | Found a one-way gate leading to the halls of Pandemonium.
 59453 | Depths:3 | Received a gift from Trog
 60078 | Depths:3 | Reached XP level 24. HP: 240/240 MP: 29/29
 60242 | Depths:3 | Reached XP level 25. HP: 250/250 MP: 29/29
 60372 | Depths:3 | Found a gateway to a ziggurat.
 60736 | Depths:5 | Entered Level 5 of the Depths
 60816 | Depths:5 | Reached XP level 26. HP: 260/260 MP: 29/29
 60878 | Depths:5 | Found a flickering gateway to a bazaar.
 60932 | Bazaar   | Entered a bazaar
 60945 | Bazaar   | Found Tasiwait's Book Shoppe.
 61027 | Bazaar   | Found Kumo's Gadget Boutique.
 61051 | Bazaar   | Found Muiweath's Book Shoppe.
 61130 | Bazaar   | Found Juxu's Gadget Shoppe.
 61264 | Depths:5 | Found Waunt's Gadget Shoppe.
 61265 | Depths:5 | Found Qiusoc's Jewellery Shop.
 61265 | Depths:5 | Found Lim Ase's Jewellery Shop.
 61281 | Depths:5 | Received a gift from Trog
 61741 | Depths:5 | Found a glowing golden altar of the Shining One.
 61800 | Depths:5 | Identified the ring "Naorec" {*Contam rN++ Str+2 Int+6}
                  | (You acquired it on level 5 of the Depths)
 61960 | Depths:5 | Found a gate to the Realm of Zot.
 62382 | Vaults:5 | Entered Level 5 of the Vaults
 62382 | Vaults:5 | Noticed Mennas
 62414 | Vaults:4 | Reached skill level 27 in Fighting
 62459 | Vaults:4 | Killed Mennas
 62694 | Vaults:5 | Received a gift from Trog
 62955 | Vaults:5 | Noticed an ancient lich
 63274 | Vaults:4 | Killed an ancient lich
 63683 | Vaults:5 | Reached XP level 27. HP: 273/273 MP: 31/32
 63759 | Vaults:5 | Identified the +7 broad axe of the Little People {elec, rF+
                  | SInv Stlth+} (You found it on level 5 of the Vaults)
 63797 | Vaults:5 | Received a gift from Trog
 63848 | Vaults:5 | Identified the +5 arbalest of World's End {freeze, rElec
                  | rN+ Str-4}
 63995 | Vaults:5 | Noticed an ancient lich
 64012 | Vaults:5 | Killed an ancient lich
 64035 | Vaults:5 | Received a gift from Trog
 64276 | Vaults:5 | Reached skill level 15 in Evocations
 64375 | Vaults:5 | Identified the +9 dagger of the Owl {speed, Dex+2}
 64375 | Vaults:5 | Identified the ring of Devotion {rPois rN+ Stlth+}
 64618 | Vaults:5 | Found the +4 dagger "Morg" {pain, MR+ Int+5}
 64634 | Vaults:5 | Received a gift from Trog
 64641 | Vaults:5 | Noticed Xtahua
 64649 | Vaults:5 | Killed Xtahua
 64932 | Vaults:5 | Got a silver rune of Zot
 65044 | Vaults:5 | Noticed an ancient lich
 65056 | Vaults:5 | Killed an ancient lich
 65208 | Vaults:5 | Upgraded the game from 0.25-a0-160-gd1d2e81aba to
                  | 0.25-a0-163-g00f8f0cddd
 65508 | Shoals:1 | Entered Level 1 of the Shoals
 65510 | Shoals:1 | Found a runed translucent door.
 65726 | Shoals:1 | Received a gift from Trog
 66529 | Shoals:1 | Identified the ring of the Eagle {rPois MR+ MP+9} (You
                  | acquired it on level 1 of the Shoals)
 66771 | Shoals:2 | Received a gift from Trog
 67767 | Shoals:3 | Noticed Ilsuiw
 67801 | Shoals:3 | Killed Ilsuiw
 68359 | Shoals:4 | Entered Level 4 of the Shoals
 68396 | Shoals:4 | Found Mukuiw's General Store.
 68423 | Shoals:4 | Noticed Mara
 68426 | Shoals:4 | Noticed Cinder's illusion
 68451 | Shoals:4 | Killed Mara
 68536 | Shoals:4 | Found an opulent altar of Gozag.
 68551 | Shoals:4 | Received a gift from Trog
 68600 | Shoals:4 | Found Reikel's Antique Armour Emporium.
 68608 | Shoals:4 | Found Ymoliuth's General Store.
 68617 | Shoals:4 | Bought a scroll of blinking for 112 gold pieces
 68736 | Shoals:4 | Found Usues's Armour Emporium.
 69515 | Shoals:4 | Identified the +1 lajatang of Exquisite Death {drain, rN+}
                  | (You found it on level 4 of the Shoals)
 69542 | Shoals:4 | Received a gift from Trog
 69589 | Shoals:4 | Got a barnacled rune of Zot
 69948 | Zot:1    | Entered Level 1 of the Realm of Zot
 71741 | Zot:2    | Received a gift from Trog
 72503 | Zot:3    | Reached skill level 27 in Armour
 72515 | Zot:3    | Identified the +1 hat of the Gate {rC+ MR+} (You found it
                  | on level 3 of the Realm of Zot)
 73282 | Zot:5    | Entered Level 5 of the Realm of Zot
 73294 | Zot:5    | Received a gift from Trog
 73988 | Zot:5    | Noticed an orb of fire
 73988 | Zot:5    | Noticed an ancient lich
 74011 | Zot:5    | Gained mutation: Your spells are a little easier to cast,
                  | but a little less powerful. [an orb of fire]
 74012 | Zot:5    | Killed an ancient lich
 74016 | Zot:5    | Killed an orb of fire
 74075 | Zot:5    | Noticed an orb of fire
 74081 | Zot:5    | Noticed an ancient lich
 74087 | Zot:5    | Gained mutation: Armour fits poorly on your strangely
                  | shaped body. [an orb of fire]
 74098 | Zot:4    | Gained mutation: You are dopey. (Int -2) [an orb of fire]
 74104 | Zot:4    | Gained mutation: You occasionally shout uncontrollably at
                  | your foes. [an orb of fire]
 74107 | Zot:4    | Killed an orb of fire
 74318 | Zot:4    | Killed an ancient lich
 74377 | Zot:5    | Received a gift from Trog
 76471 | Zot:5    | Lost mutation: You occasionally shout uncontrollably at
                  | your foes. [potion of mutation]
 76471 | Zot:5    | Lost mutation: You are dopey. (Int -2) [potion of mutation]
 76471 | Zot:5    | Lost mutation: Your spells are a little easier to cast, but
                  | a little less powerful. [potion of mutation]
 76471 | Zot:5    | Gained mutation: You are dopey. (Int -2) [potion of
                  | mutation]
 76471 | Zot:5    | Gained mutation: Your skin changes colour to match your
                  | surroundings (Stealth+). [potion of mutation]
 76471 | Zot:5    | Gained mutation: Scrolls take you a little longer to read.
                  | [potion of mutation]
 76471 | Zot:5    | Gained mutation: Your natural rate of healing is unusually
                  | fast. [potion of mutation]
 76479 | Zot:5    | Got the Orb of Zot
 76536 | Zot:4    | Noticed Gaer the pandemonium lord
 76908 | D:8      | Noticed Miusmal the pandemonium lord
 76917 | D:8      | Killed Miusmal the pandemonium lord
 76941 | D:8      | Received a gift from Trog
 77161 | D:$      | Escaped with the Orb!

Levels and vault maps discovered:
D:1:      lemuel_arrival_rhombus, layout_loops_ring, minmay_ruptured
D:2:      layout_loops_ring, trog_hazing_becter, uniq_jessica
D:3:      layout_basic, gammafunk_temple_overflow_pools, uniq_sigmund
D:4:      layout_basic, chequers_temple_overflow_statue_of_worship,
          nicolae_overflow_hidden_temple, enter_ossuary_3, first_ration
D:5:      layout_basic, minmay_temple_entry_from_below_a, uniq_grinder,
          uniq_prince_ribbit1, uniq_eustachio, uniq_edmund, uniq_blork_the_orc,
          uniq_menkaure
D:6:      layout_gridville, serial_shops, nicolae_shop_window_shopping,
          serial_bayou_pond_a, minmay_misc_feat_cross
D:7:      layout_basic, gammafunk_temple_overflow_statue
D:8:      layout_basic, the_bakery
D:9:      layout_grid_maze, orc_0_dummy, uniq_erica
D:10:     layout_gridville, minmay_puff
D:11:     layout_rooms, lair_entry_dummy, serial_shops, shop, minivault_26,
          minmay_hollow_rounded_squares, uniq_harold
D:12:     layout_basic
D:13:     layout_irregular_city, uniq_frances
D:14:     layout_roguey, david_vaults_2, roderic_nine_men_s_morris,
          ebering_ghost_gozag, portal_ice_cave_rime
D:15:     hangedman_depths_entry_try_elsewhere_first, layout_basic,
          gauntlet_entry_generic, minmay_misc_feat_x, evilmike_ruin_ashenzari
Lair:1:   layout_regular_city, serial_bayou_shore_b, infiniplex_staircase_pool
Lair:2:   lemuel_slime, layout_layer_cave, minmay_snake_entry_guardpost_small,
          minmay_hedge_maze
Lair:3:   layout_regular_city, minmay_shoals_entry_beasts,
          grunt_forest_stairs_basic, grunt_megastairs_1
Lair:4:   layout_gridlike, lemuel_fruit_tree, uniq_sonja, uniq_nergalle,
          uniq_snorg, uniq_urug
Lair:5:   layout_long_grid, st_stairs_7, grunt_megastairs_4,
          serial_bayou_shore_b
Lair:6:   minmay_lair_end_frog_pond, layout_cave_pods, slime_dummy,
          disabler_island, minmay_lair_oklob_chamber
Shoals:1: layout_shoals, lightli_airlock
Shoals:2: layout_shoals
Shoals:3: layout_shoals, nicolae_shoals_this_corrosion, uniq_ilsuiw
Shoals:4: shoals_end_simple, layout_shoals, serial_shops, shop, shop,
          nicolae_shop_stone, shop, lemuel_centaur_altar, uniq_mara
Snake:1:  layout_basic, gammafunk_ghost_grave
Snake:2:  layout_chambers
Snake:3:  layout_grid_shapes
Snake:4:  grunt_snake_rune_spirals, layout_onion_interference, serial_shops,
          shop, grunt_ministairs_6, drop_trap, st_stairs_14
Orc:1:    layout_caves, bloody_makhleb
Orc:2:    st_orc_town, layout_caves
Elf:1:    minmay_elf_arrival_summoners, layout_gridlike,
          kennysheep_underground_church, minmay_shop_star, uniq_donald
Elf:2:    layout_gridlike, serial_shops, nicolae_shop_behind_doors,
          minmay_misc_feat_columns
Elf:3:    elf_hall, layout_loops_ring
Vaults:1: v_misc_5, vaults_dpeg_cross, nicolae_vaults_network_quinsquares
          [nicolae_vaults_network_quincunx_subvault,
          nicolae_vaults_network_quincunx_subvault,
          nicolae_vaults_network_quincunx_subvault,
          nicolae_vaults_network_quincunx_subvault],
          nicolae_vaults_little_squares_2, vaults_mumra_bighexcomb,
          nicolae_vaults_border_crossing, nicolae_vaults_little_ls,
          ontoclasm_vaults_loading_screen, ontoclasm_vaults_ring_large,
          vaults_room_boxed, vaults_room_octagon, hangedman_vaults_hat,
          hangedman_vaults_stream, layout_vaults_maze, serial_shops,
          nicolae_shop_stone
Vaults:2: gammafunk_vaults_ghost_grave, v_misc_17, v_rooms_4,
          vaults_room_door_hall, v_misc_2, v_misc_27,
          nicolae_vaults_inception_statues, vaults_room_large_hall,
          ontoclasm_vaults_bender, minmay_crypt_entry_skeletal_spiral,
          v_pattern_5, nicolae_vaults_specimen_jars, nicolae_vaults_theta,
          v_misc_31, layout_vaults_omnicross, serial_shops,
          nicolae_shop_statue_plus
Vaults:3: gammafunk_vaults_ghost_spectres, v_misc_27,
          nicolae_vaults_bisected_exclaves, v_alt_pattern_5,
          nicolae_vaults_halls_meeting, ontoclasm_vaults_chip,
          vaults_standard_mumra_enter_the_diamond, ontoclasm_vaults_pinch,
          vaults_room_door_hall, layout_vaults_chaotic_city, uniq_nikola,
          uniq_margery
Vaults:4: grunt_vaults_funnel, nicolae_vaults_what_the_h,
          nicolae_vaults_asterisk, vaults_dpeg_hooks, hangedman_vaults_cutoff,
          ontoclasm_vaults_tryst, nicolae_vaults_quartermaster,
          vaults_room_grid, ontoclasm_vaults_idyll, layout_vaults_omnigrid
Vaults:5: uniq_xtahua, uniq_mennas
Depths:1: layout_gridlike, kennysheep_small_spiral, hangedman_tar_grid_catacomb,
          st_stairs_8, lemuel_freeze_loot_1, uniq_saint_roka
Depths:2: minmay_slanted_spiral_squares, layout_cave_pools, glass_columns_c,
          hell_entry, serial_shops, statue_bzr
Depths:3: lemuel_river_lethe, hell_entry, pan_entry, abyss_entry, uniq_frederick
Depths:4: minmay_the_grid_3x2 [minmay_the_grid_embedded,
          minmay_the_grid_diamond_grid, minmay_the_grid_slots,
          minmay_the_grid_spikes, minmay_the_grid_artifice,
          minmay_the_grid_prize_diamond_cup], layout_cave_pools,
          minmay_room_of_horrors, hell_entry, hangedman_abyss_or_decor_stagger
Depths:5: evilmike_zot_entry_diamond, layout_basic, tso_metal_star, hell_entry,
          serial_shops, bzr_entry_safe, dispersion_dpeg, minmay_shop_grove,
          serial_bayou_shore_a
Zot:1:    layout_twisted_circle
Zot:2:    layout_twisted_circle, grunt_megastairs_2
Zot:3:    layout_misc_corridors
Zot:4:    layout_onion, st_stairs_8
Zot:5:    layout_misc_corridors, bh_zot_lava_cross

Skill      XL: |  1  2  3  4  5  6  7  8  9 10 11 12 13 14 15 16 17 18 19 20 21 22 23 24 25 26 27 |
---------------+----------------------------------------------------------------------------------+-----
Axes           | 4 6 7 8 10 12 14 15 17 19 20 21 24 26 27 | 27.0
Fighting       | 4 5 6 7 9 10 12 13 14 16 18 20 21 24 25 27 | 27.0
Armour         | 3 4 5 7 9 10 12 15 17 20 27 | 27.0
Dodging        | 5 8 10 11 13 17 20 25 | 25.9
Shields        | 4 |  4.0
Evocations     | 7 10 13 15 | 15.0

Action                   |  1- 3 |  4- 6 |  7- 9 | 10-12 | 13-15 | 16-18 | 19-21 | 22-24 | 25-27 || total
-------------------------+-------+-------+-------+-------+-------+-------+-------+-------+-------++-------
Melee: Hand axe          |    98 |   132 |   484 |    39 |       |       |       |       |       ||   753
       Headbutt          |    23 |    20 |    99 |   126 |   241 |   287 |   439 |   254 |   669 ||  2158
       War axe           |       |       |       |   576 |     8 |       |       |       |       ||   584
       Scimitar          |       |       |       |     8 |       |       |       |       |       ||     8
       Battleaxe         |       |       |       |       |  1105 |  1171 |  1436 |       |       ||  3712
       Executioner's axe |       |       |       |       |       |       |    15 |   838 |  1934 ||  2787
 Fire: Arbalest          |       |       |       |       |    53 |       |       |       |       ||    53
Throw: Stone             |       |       |       |     1 |       |       |       |       |       ||     1
Invok: Berserk           |       |     2 |     8 |    10 |     5 |     4 |     2 |       |     2 ||    33
       Trog's Hand       |       |     1 |     1 |     1 |     6 |     9 |     7 |     6 |    11 ||    42
       Brothers in Arms  |       |       |     1 |     2 |     5 |     3 |    12 |       |     2 ||    25
 Abil: Stop Flying       |       |       |       |       |       |       |       |       |     1 ||     1
       Evoke Invisibilit |       |       |       |       |       |       |       |       |     2 ||     2
       Evoke Flight      |       |       |       |       |       |       |       |       |     1 ||     1
Evoke: Wand              |       |       |       |       |     4 |     1 |       |       |     3 ||     8
  Use: Scroll            |       |     8 |     6 |    11 |    16 |     8 |    13 |    10 |    31 ||   103
       Potion            |       |       |       |       |     1 |       |       |     4 |     3 ||     8
 Stab: Distracted        |       |       |       |     1 |       |     3 |     4 |     1 |     2 ||    11
       Paralysed         |       |       |       |       |     1 |       |       |       |     2 ||     3
       Invisible         |       |       |       |       |       |       |       |       |    26 ||    26
  Eat: Chunk             |     1 |     5 |    21 |    29 |    27 |    21 |    34 |    15 |    28 ||   181
       Ration            |       |       |     1 |     4 |     5 |     9 |     5 |     2 |    12 ||    38
Armor: Animal skin       |     9 |       |       |       |       |       |       |       |       ||     9
       Chain mail        |    51 |    77 |   206 |       |       |       |       |       |       ||   334
       Plate armour      |       |       |    16 |   356 |   536 |   568 |   484 |   367 |   152 ||  2479
       Gold dragon scale |       |       |       |       |       |       |       |       |  1044 ||  1044
Dodge: Dodged            |    80 |    49 |   178 |   224 |   542 |   651 |   903 |   707 |  1673 ||  5007
Block: Buckler           |       |       |       |    40 |     1 |       |       |       |       ||    41

Table legend:
 A = Non-vault XP
 B = Vault XP
 C = Vault XP percentage of total XP
 D = Non-vault monster count
 E = Vault monster count
 F = Vault count percentage of total count
                 A         B        C        D         E       F
            +---------+---------+-------+---------+---------+-------
      Total |  862778 |  852805 |  49.7 |    1579 |    1002 |  38.8
            +---------+---------+-------+---------+---------+-------
        D:1 |      34 |       9 |  20.9 |      20 |       5 |  20.0
        D:2 |      55 |      48 |  46.6 |      19 |       7 |  26.9
        D:3 |      35 |     231 |  86.8 |      20 |       1 |   4.8
        D:4 |     799 |       2 |   0.2 |      40 |       2 |   4.8
        D:5 |     560 |     937 |  62.6 |      24 |       6 |  20.0
        D:6 |    1585 |       0 |   0.0 |      30 |       0 |   0.0
        D:7 |    1641 |       0 |   0.0 |      27 |       0 |   0.0
        D:8 |    3353 |     211 |   5.9 |      37 |       1 |   2.6
        D:9 |    1605 |     881 |  35.4 |      25 |       1 |   3.8
       D:10 |    1457 |    1933 |  57.0 |      28 |       6 |  17.6
       D:11 |    3275 |    2589 |  44.2 |      38 |      11 |  22.4
       D:12 |    3886 |       0 |   0.0 |      19 |       0 |   0.0
       D:13 |    9791 |    1627 |  14.2 |      34 |       1 |   2.9
       D:14 |    2849 |    1826 |  39.1 |      17 |       5 |  22.7
       D:15 |   25449 |    2311 |   8.3 |      49 |       3 |   5.8
     Lair:1 |    4166 |       0 |   0.0 |      21 |       0 |   0.0
     Lair:2 |     840 |    1421 |  62.8 |       3 |      25 |  89.3
     Lair:3 |    5306 |    1085 |  17.0 |      14 |       4 |  22.2
     Lair:4 |   11608 |    2756 |  19.2 |      38 |       4 |   9.5
     Lair:5 |    4488 |    1120 |  20.0 |      14 |       4 |  22.2
     Lair:6 |    9408 |   14990 |  61.4 |      31 |      54 |  63.5
   Shoals:1 |   20860 |    7145 |  25.5 |      41 |      11 |  21.2
   Shoals:2 |   20323 |       0 |   0.0 |      39 |       0 |   0.0
   Shoals:3 |    8415 |    6801 |  44.7 |      20 |       9 |  31.0
   Shoals:4 |   14986 |   32676 |  68.6 |      26 |      46 |  63.9
    Snake:1 |   15077 |    1992 |  11.7 |      26 |       1 |   3.7
    Snake:2 |   22566 |       0 |   0.0 |      47 |       0 |   0.0
    Snake:3 |   19686 |       0 |   0.0 |      45 |       0 |   0.0
    Snake:4 |   24065 |   60210 |  71.4 |      40 |      95 |  70.4
      Orc:1 |    2774 |       0 |   0.0 |      39 |       0 |   0.0
      Orc:2 |    1530 |    5629 |  78.6 |      17 |      60 |  77.9
      Elf:1 |   19023 |    9002 |  32.1 |      33 |      13 |  28.3
      Elf:2 |    8809 |    3270 |  27.1 |      16 |       4 |  20.0
      Elf:3 |    8539 |   44950 |  84.0 |      14 |      29 |  67.4
   Vaults:1 |   55133 |   42269 |  43.4 |      69 |      64 |  48.1
   Vaults:2 |   45254 |   28922 |  39.0 |      67 |      46 |  40.7
   Vaults:3 |   31974 |   50635 |  61.3 |      50 |      59 |  54.1
   Vaults:4 |   54709 |   72357 |  56.9 |      70 |      63 |  47.4
   Vaults:5 |   34618 |  110155 |  76.1 |      60 |      62 |  50.8
   Depths:1 |   52921 |    6206 |  10.5 |      62 |       6 |   8.8
   Depths:2 |   30071 |   22057 |  42.3 |      38 |      13 |  25.5
   Depths:3 |    1334 |   73468 |  98.2 |       1 |     113 |  99.1
   Depths:4 |   42305 |   28378 |  40.1 |      34 |      38 |  52.8
   Depths:5 |   36012 |   30518 |  45.9 |      41 |      14 |  25.5
      Zot:1 |   13156 |       0 |   0.0 |      12 |       0 |   0.0
      Zot:2 |   53409 |    5190 |   8.9 |      33 |       2 |   5.7
      Zot:3 |   45923 |       0 |   0.0 |      32 |       0 |   0.0
      Zot:4 |   37221 |   36237 |  49.3 |      25 |       7 |  21.9
      Zot:5 |   49895 |  132561 |  72.7 |      34 |      38 |  52.8
    Ossuary |       0 |     493 | 100.0 |       0 |      28 | 100.0
      IceCv |       0 |    4076 | 100.0 |       0 |      26 | 100.0
   Gauntlet |       0 |    3631 | 100.0 |       0 |      15 | 100.0
            +---------+---------+-------+---------+---------+-------
